 Dungeon Crawl Stone Soup version 0.24.0-29-g8ce449bc06 (webtiles) character file.

Game seed: 16920524503295630412, levelgen mode: deterministic

24 H0rd4k the Magician (level 2, -4/15 HPs)
             Began as a Deep Elf Wizard on Nov 15, 2019.
             Slain by an orc
             ... wielding a +0 war axe
              (11 damage)
             ... on level 1 of the Dungeon.
             The game lasted 00:01:30 (678 turns).

H0rd4k the Magician (Deep Elf Wizard)                Turns: 678, Time: 00:01:30

Health: -4/15      AC:  2    Str:  4    XL:     2   Next: 79%
Magic:  12/19      EV: 13    Int: 22    God:
Gold:   23         SH:  0    Dex: 13    Spells: 10/11 levels left

rFire    . . .     SeeInvis .   (no weapon)
rCold    . . .     Gourm    .   (no shield)
rNeg     . . .     Faith    .   a - +0 robe
rPois    .         Spirit   .   b - +0 hat
rElec    .         Reflect  .   (no cloak)
rCorr    .         Harm     .   (no gloves)
MR       .....                  (no boots)
Stlth    ++........             (no amulet)
HPRegen  0.05/turn              f - ring of magical power
MPRegen  0.16/turn              (no ring)

@: no status effects
A: no striking features
a: no special abilities


You were on level 1 of the Dungeon.
You were not hungry.

You visited 1 branch of the dungeon, and saw 2 of its levels.

You collected 23 gold pieces.

Inventory:

Armour
 a - a +0 robe (worn)
 b - a +0 hat (worn)
Jewellery
 f - a ring of magical power (left hand)
Scrolls
 e - a scroll of enchant weapon {unknown}
 h - a scroll of teleportation {unknown}
 i - 2 scrolls of identify {unknown}
Potions
 c - a potion of curing {unknown}
 g - 2 potions of flight {unknown}
Comestibles
 d - 2 rations


   Skills:
 + Level 2.7 Dodging
 + Level 2.4 Stealth
 + Level 5.4 Spellcasting
 + Level 1.4 Conjurations
   Level 1.1 Summonings
   Level 1.1 Translocations


You had 10 spell levels left.
You knew the following spells:

 Your Spells              Type           Power        Failure   Level  Hunger
a - Magic Dart            Conj           ##..         5%          1    None

Your spell library contained the following spells:

 Spells                   Type           Power        Failure   Level  Hunger
 Blink                    Tloc           N/A          10%         2    None
 Call Imp                 Summ           ##......     10%         2    None
 Slow                     Hex            #.......     14%         2    None
 Conjure Flame            Conj/Fire      #.......     22%         3    ##.....
 Mephitic Cloud           Conj/Pois/Air  #.......     24%         3    ##.....


Dungeon Overview and Level Annotations

Branches:
Dungeon (2/15)

Altars:

Annotations:
D:1 exclusion: downstairs


Message History

Press: ? - help, Shift-Dir - straight line, f/p - rat
Aim: a rat (heavily wounded)
The magic dart hits the rat.
You kill the rat!
A kobold comes into view. It is wielding a +0 whip.
The rat completely misses you. The orc closely misses you.
The rat closely misses you. The orc hits you with a +0 war axe.
You climb upwards.
Level annotation: exclusion: downstairs
There is a stone staircase leading down here.
Casting: Magic Dart (safe; 5% risk of failure)
Confirm with . or Enter, or press ? or * to list all spells.
Aiming: Magic Dart (safe; 5% risk of failure)
Press: ? - help, Shift-Dir - straight line, f - orc
Aim: an orc, wielding a +0 war axe The magic dart hits the orc.
The orc is moderately wounded.
The rat closely misses you. The orc hits you with a +0 war axe!
Ouch! That really hurt!
You die...

........(.#...#.#.#.#.#...#..#
.######...)..#.)#.#.#..#.....#
.# ##.....#..#..#..#..#....#
.#####.....#...#..#..#...#...#
..............#...#...#...รท..#
######...#........#..........#
#####.####................##
#.....########o#........###
#.##..........@#.....(....#
#.##.##########r#.####.##.#####
#.##.# ##.###.###.##....>.
#.##(########.## ##.##.########
###.##.........## ##.#.#
....##....).....## ##....#
#######(########.###.#####
........# ##.#.## #########
##.##


You could see an orc and a rat.

Vanquished Creatures
  2 dart slugs
  A leopard gecko (D:1)
  A ball python (D:1)
  2 goblins (D:1)
  A hobgoblin (D:1)
  7 kobolds (D:1)
  A bat (D:1)
  A frilled lizard (D:1)
  2 rats
18 creatures vanquished.

Notes
Turn   | Place    | Note
-------+----------+-------------------------------------------
     0 | D:1      | H0rd4k the Deep Elf Wizard began the quest for the Orb.
     0 | D:1      | Reached XP level 1. HP: 10/10 MP: 7/7
   201 | D:1      | Reached skill level 5 in Spellcasting
   201 | D:1      | Reached XP level 2. HP: 15/15 MP: 8/10
   678 | D:1      | Slain by an orc

Levels and vault maps discovered:
D:1:      minmay_arrival_radiant_lines, layout_loops_ring
D:2:      layout_rooms

Skill      XL: |  1 |
---------------+----+-----
Spellcasting   | 5 |  5.4
Dodging        | |  2.7
Stealth        | |  2.4
Conjurations   | |  1.4
Summonings     | |  1.1
Translocations | |  1.1

Action                   || total
-------------------------++-------
 Cast: Magic Dart        ||    44
Armor: Robe              ||     4
Dodge: Dodged            ||    20
